Map: Lerilak Crest

Players

SticklerMac

  • Race: Terran Terran
  • League: Bronze

Lethalducky

  • Race: Protoss Protoss
  • League: Grandmaster

VOD

Have the link to the VOD?

Description

Time

  • Played on: July 28, 2015, 8:46 p.m.
  • Length: 13:54
Show
View Real Time Build Order
Export as new Build Order

SticklerMac Terran 

Build Orders:  

Get SALT Encoding   

  12  0:01  SCV  
  13  0:13  SCV  
  14  0:17  Supply Depot  
  14  0:25  SCV  
  15  0:40  SCV, Barracks  
  16  0:52  SCV  
  17  0:59  Barracks  
  17  1:02  Refinery  
  17  1:07  SCV  
  18  1:19  SCV  
  19  1:31  SCV, Barracks  
  20  1:42  Marine  
  21  1:47  Marine  
  22  2:08  Factory  
  22  2:20  Barracks  
  22  2:21  Marine  
  23  2:23  Barracks Reactor  
  23  2:35  Supply Depot  
  23  2:36  Supply Depot  
  23  2:39  Supply Depot  
  23  2:56  Marine  
  24  3:00  Marine  
  24  3:04  Starport  
  25  3:08  Widow Mine  
  27  3:13  Marine  
  27  3:14  Marine x2  
  27  3:19  Barracks Tech Lab  
  30  3:30  Marine  
  30  3:31  Marine  
  30  3:32  Marine x2  
  34  3:37  Marine, Widow Mine  
  37  3:59  SCV  
  37  4:00  Refinery  
  38  4:06  Marauder  
  38  4:07  Marine  
  38  4:08  Marine  
  38  4:09  Marine  
  43  4:10  Marine  
  43  4:11  SCV  
  45  4:17  Medivac  
  47  4:57  Supply Depot  
  47  4:59  Supply Depot  
  47  5:18  SCV, Medivac, Marine x3  
  47  5:19  Marauder  
  47  5:20  Marine  
  56  5:36  Marine x3  
  56  5:38  Marine  
  56  5:40  Marauder  
  62  5:47  Orbital Command  
  62  5:54  Marine  
  63  5:58  Marine  
  63  6:39  Supply Depot  
  63  6:40  Supply Depot  
  63  6:43  Command Center  
  63  7:00  Medivac, Marine x5  
  70  7:18  Marine  
  70  7:19  Marine x4  
  75  7:30  Medivac  
  75  7:36  Marine x2  
  79  7:55  Marine x5  
  84  8:00  Medivac  
  86  8:12  Marine x3  
  89  8:27  Marine x2  
  79  8:30  Marine x2  
  84  8:42  Marauder  
  84  8:44  Marine  
  84  8:45  Marine  
  84  8:48  Marine x2  
  89  8:58  Combat Shields  
  89  9:01  Medivac  
  89  9:02  Marine  
  91  9:03  Marauder  
  94  9:12  Orbital Command  
  94  9:23  Supply Depot  
  94  9:25  Supply Depot  
  94  9:29  Supply Depot  
  94  9:44  Medivac, Marine x3  
  94  9:45  Marauder  
  101  9:54  Marine  
  102  10:02  Marine x3  
  102  10:06  Marauder  
  107  10:10  Engineering Bay x2  
  107  10:12  Marine  
  108  10:14  Medivac  
  108  10:20  Marine x2  
  112  10:24  Marine  
  112  10:27  Marauder  
  115  10:29  Marine  
  116  10:38  Marine x2  
  116  10:39  Supply Depot  
  116  10:42  Supply Depot  
  118  10:50  Supply Depot  
  118  11:01  Marauder, Medivac, Marine x4  
  126  11:19  Marine x4  
  126  11:23  Marauder  
  132  11:31  Medivac  
  134  11:36  Marine x4  
  138  11:43  Stimpack  
  138  11:44  Terran Infantry Weapons Level 1, Marauder  
  140  11:54  Marine x2  
  140  11:59  Supply Depot  
  140  12:01  Supply Depot  
  142  12:06  Supply Depot  
  142  12:09  Supply Depot  
  142  12:12  Supply Depot  
  142  12:20  Marine x3  
  142  12:21  Medivac  
  147  12:24  Marine  
  148  12:32  Marauder  
  150  12:38  Marine x2  
  152  12:51  Medivac  
  138  13:22  Missile Turret  
Show
View Real Time Build Order
Export as new Build Order

Lethalducky Protoss 

Build Orders:  

Get SALT Encoding   

  12  0:02  Probe  
  13  0:18  Probe  
  13  0:19  Pylon  
  14  0:37  Probe  
  14  0:40  Gateway  
  15  0:46  Assimilator  
  15  0:49  Probe  
  16  1:01  Probe (Chrono Boost)  
  18  1:12  Probe (Chrono Boost)  
  18  1:18  Probe  
  19  1:28  Cybernetics Core  
  19  1:30  Zealot  
  21  1:36  Probe  
  21  1:39  Pylon  
  22  1:47  Assimilator  
  22  1:57  Probe (Chrono Boost)  
  23  2:04  Stalker  
  23  2:06  Warp Gate (Chrono Boost)  
  23  2:08  Probe (Chrono Boost)  
  26  2:10  Gateway  
  26  2:14  Probe  
  26  2:26  Probe (Chrono Boost)  
  27  2:36  Gateway  
  29  2:37  Mothership Core (Chrono Boost)  
  29  2:41  Pylon  
  29  2:59  Stalker, Probe  
  32  3:16  Gateway  
  32  3:21  Pylon  
  32  3:37  Probe  
  33  3:50  Stalker, Robotics Facility  
  33  3:51  Stalker, Pylon  
  37  4:03  Probe, Pylon  
  38  4:19  Probe  
  39  4:34  Probe  
  40  4:45  Adept x3  
  46  5:16  Observer  
  46  5:18  Nexus  
  46  5:19  Pylon  
  46  5:40  Adept x2  
  46  5:41  Adept x2  
  54  6:15  Probe  
  54  6:16  Immortal  
  56  6:49  Adept  
  56  6:50  Adept x3  
  64  7:16  Sentry  
  64  7:17  Sentry x3  
  72  7:23  Probe (Chrono Boost)  
  72  7:24  Probe (Chrono Boost)  
  74  7:33  Probe x2 (Chrono Boost)  
  76  7:40  Pylon  
  76  7:41  Pylon  
  76  7:45  Assimilator  
  76  7:49  Assimilator  
  73  7:56  Probe  
  73  7:59  Pylon  
  73  8:05  Pylon  
  73  8:08  Probe  
  74  8:18  Probe  
  75  8:30  Probe  
  76  8:41  Twilight Council  
  76  8:44  Probe (Chrono Boost)  
  76  8:45  Pylon  
  76  8:46  Probe (Chrono Boost)  
  78  8:54  Probe (Chrono Boost)  
  80  8:57  Probe (Chrono Boost)  
  80  9:02  Probe  
  81  9:12  Adept x3  
  81  9:13  Adept  
  81  9:14  Probe  
  90  9:23  Pylon  
  90  9:29  Templar Archives  
  90  9:45  Forge  
  90  9:54  Gateway x2  
  90  9:55  Sentry x2  
  90  9:56  Sentry x2  
  98  10:02  Psionic Storm  
  98  10:03  Gateway  
  98  10:05  Pylon  
  98  10:21  Protoss Ground Weapons Level 1 (Chrono Boost)  
  98  10:42  Dark Shrine  
  98  10:45  Warp Prism  
  100  10:52  Forge, Shield Upgrade  
  100  11:04  High Templar x3  
  106  11:36  High Templar x2  
  110  11:41  Adept  
  110  11:43  Pylon  
  112  11:51  Probe  
  112  11:52  Pylon  
  112  11:54  Protoss Ground Armor Level 1 (Chrono Boost)  
  113  12:11  Dark Templar  
  115  12:27  Nexus  
  115  12:28  Dark Templar  
  115  12:29  Assimilator  
  117  12:33  Zealot x4  
  117  12:34  Zealot  
  117  12:35  Assimilator  
  127  12:38  Pylon  
  127  12:45  Dark Templar  
  129  13:13  Dark Templar x2  
  121  13:45  Pylon  
  109  13:52  Adept x4  
  109  13:53  Adept x3  
Tags
 
Add a new tag
Caveats
  • Supply blocks, unpowered buildings, or Contaminate may cause inaccurate times.
  • Supply counts are checked every 10 seconds.